Workbook

Sheet Акт
A1: АКТ № 75/3-2017
A2: приемки оказанных услуг и (или) выполненных работ по содержанию и текущему ремонту общего имущества в многоквартирном доме № 3 квартала 75.
A3: г. Ангарск | D3: "31" марта 2018 г.
A5: Наименование вида работы (услуги) | B5: Периодичность/ количественный показатель выполненной работы (оказанной услуги) | C5: Единица измерения работы (услуги) | D5: Стоимость /сметная стоимость выполненной работы (оказанной услуги) за единицу | E5: Цена выполненной работы (оказанной услуги), в рублях
A6: Аварийное обслуживание
A7: Аварийное обслуживание | B7: Ежедневно | C7: руб. | D7: =E7 -> 3262.74 | E7: 3262.74
A8: Благоустройство
A9: Выкашивание газонов | B9: 2200 | C9: м2 | D9: =E9/B9 -> 3.9500045 | E9: 8690.01
A10: Демонтаж МАФ (деревянные) | B10: 1 | C10: шт | D10: =E10/B10 -> 265.94 | E10: 265.94
A11: Открытие подъездного окна (для мытья) | B11: 0.4 | C11: 10 шт. | D11: =E11/B11 -> 2591.975 | E11: 1036.79
A12: Вывоз и утилизация ТКО, в т.ч. крупногабаритного мусора
A13: Услуги по вывозу и утилизации ТБО, в т.ч. крупногабаритного мусора | B13: Ежедневно | C13: руб. | D13: =E13 -> 50196 | E13: 50196
A14: Обслуживание и текущий ремонт электрооборудования жилых домов
A15: Обслуживание и текущий ремонт электрооборудования жилых домов | B15: По плану | C15: руб. | D15: =E15 -> 11384.6 | E15: 11384.6
A16: Обслуживание инженерного оборудования
A17: Запуск потока воды: отопление, ГВС | B17: 2 | C17: 1 узел | D17: =E17/B17 -> 73.69 | E17: 147.38
A18: Запуск системы отопления. | B18: 1 | C18: 1 здание | D18: =E18/B18 -> 796.94 | E18: 796.94
A19: Ликвидация воздушных пробок в системе отопления, в стояке | B19: 4 | C19: 1 стояк | D19: =E19/B19 -> 395.6675 | E19: 1582.67
A20: Опрессовка ТУ диаметром: до 100 мм | B20: 0.09 | C20: 100 м | D20: =E20/B20 -> 3725.8889 | E20: 335.33
A21: Осмотр подвальных помещений (засоры, подпоры) прим. | B21: 0.54 | C21: 1000 м2 | D21: =E21/B21 -> 1416.8889 | E21: 765.12
A22: Осмотр системы центрального отопления, устройств в чердачных и подвальных помещениях. | B22: 1.49 | C22: 1000 м2 | D22: =E22/B22 -> 1584.8121 | E22: 2361.37
A23: Осмотр СТО | B23: 0.11 | C23: 100 квартир | D23: =E23/B23 -> 23395.182 | E23: 2573.47
A24: Осмотр СТО в чердачных и подвальных помещениях (весенний и осенний) | B24: 1.1 | C24: 1000 м2 | D24: =E24/B24 -> 1559.1 | E24: 1715.01
A25: Осмотр, РХВ замеры | B25: 0.02 | C25: 100 шт. | D25: =E25/B25 -> 21940.5 | E25: 438.81
A26: Отключение системы отопления (консервация) - прим. | B26: 1 | C26: 1 здание | D26: =E26/B26 -> 384.58 | E26: 384.58
A27: Отогрев трубопровода Д-20 | B27: 1 | C27: м | D27: =E27/B27 -> 161.74 | E27: 161.74
A28: Очистка канализационной сети: внутренней | B28: 0.18 | C28: 100 м | D28: =E28/B28 -> 12553.889 | E28: 2259.7
... A36: Снятие и запись замера в наряде (ИТП,РХВ) | B36: 31 | C36: 1 ИТП | D36: =E36/B36 -> 228.35839 | E36: 7079.11
A37: Обслуживание конструктивных элементов
A38: Осмотр кровли, чердака, подъездов, подвального помещения - весенний осмотр | B38: 1.054 | C38: 1000 м2 | D38: =E38/B38 -> 1557.2391 | E38: 1641.33
A39: Осмотр кровли, чердака, подъездов, подвального помещения -подготовка к зиме | B39: 1.614 | C39: 1000 м2 | D39: =E39/B39 -> 1568.8104 | E39: 2532.06
A40: Проверка исправности вент. каналов, правильного расположения оголовков относ. крыши и наличия тяги | B40: 1.114 | C40: 1000 м2 | D40: =E40/B40 -> 2058.8959 | E40: 2293.61
A41: Проверка наличия тяги в ДВ и вент. каналах | B41: 0.05 | C41: 1000 м2 | D41: =E41/B41 -> 1775.2 | E41: 88.76
A42: Обслуживание ОДПУ
A43: Техническое обслуживание ОДПУ | B43: Ежемесячно | C43: руб. | D43: =E43/12 -> 1800 | E43: 21600
A44: Расходы на истребование задолженности по оплате жилых помещений
A45: Истребование дебиторской задолженности | B45: По факту | C45: руб. | D45: =E45 -> 5982.17 | E45: 5982.17
A46: Ремонт конструктивных элементов жилых зданий
A47: Смена: колена водосточных труб | B47: 0.05 | C47: 100 шт. | D47: =E47/B47 -> 57348.6 | E47: 2867.43
A48: Текущий ремонт инженерного оборудования
A49: Изоляция трубопровода матами с совмещенным покрывным слоем | B49: 0.046 | C49: 1 м3 | D49: =E49/B49 -> 18909.565 | E49: 869.84
A50: Очистка фильтра от накипи (отложений) | B50: 2 | C50: шт | D50: =E50/B50 -> 936.9 | E50: 1873.8
A51: Ремонт смесителя без душа, без снятия с места замена кран-буксы | B51: 1 | C51: 1 смеситель | D51: =E51/B51 -> 133.05 | E51: 133.05
A52: Смена вентилей и клапанов обратных муфтовых д. 15мм | B52: 0.02 | C52: 100 шт. | D52: =E52/B52 -> 48551.5 | E52: 971.03
A53: Смена обратного клапана м/фланцевого Д-40 | B53: 1 | C53: шт | D53: =E53/B53 -> 2541.86 | E53: 2541.86
A54: Текущий ремонт конструктивных элементов жилых зданий
A55: Заделка подвальных окон: (изовером, пенопропиленом и тд) | B55: 1 | C55: 10 м2 | D55: =E55/B55 -> 2397.04 | E55: 2397.04
A56: М. Ремонт оконных переплетов (пристрожка, установка угольников, укрепление) | B56: 2 | C56: 1 створка | D56: =E56/B56 -> 355.31 | E56: 710.62
A57: Постановка заклепок в местах соединения труб | B57: 0.68 | C57: 100 шт. | D57: =E57/B57 -> 5015.8971 | E57: 3410.81
A58: Ремонт дверных полотен (выдергивание гвоздей, подгонка, установка, укрепление притворной планки) | B58: 1 | C58: шт | D58: =E58/B58 -> 371.19 | E58: 371.19
A59: Смена дверных приборов: навесного замка | B59: 0.02 | C59: 100 приборов | D59: =E59/B59 -> 25963 | E59: 519.26
A60: Смена дверных приборов: накладка дверная | B60: 0.02 | C60: 100 приборов | D60: =E60/B60 -> 31594.5 | E60: 631.89
A61: Смена дверных приборов: шпингалеты | B61: 0.01 | C61: 100 приборов | D61: =E61/B61 -> 69517 | E61: 695.17
A62: Смена стекол в деревянных переплетах при площади стекла до: 0,25 м | B62: 0.015 | C62: 100 м2 | D62: =E62/B62 -> 183166.67 | E62: 2747.5
A63: Смена ухватов для водосточных труб: в каменных стенах | B63: 0.01 | C63: 100 шт. | D63: =E63/B63 -> 28400 | E63: 284
A64: Укрепление дверных приборов: петли (шарниры), шпингалеты, ручки накладные | B64: 0.04 | C64: 100 шт. | D64: =E64/B64 -> 43439.25 | E64: 1737.57
A65: Установка частей водосточных труб (отметов) | B65: 0.09 | C65: 100 шт. | D65: =E65/B65 -> 13126.667 | E65: 1181.4
A66: Установка частей водосточных труб с земли, лестниц и подмостей | B66: 0.033 | C66: 100 м | D66: =E66/B66 -> 42198.485 | E66: 1392.55
A67: Транспортные расходы
A68: Услуги автотранспорта | B68: По факту | C68: руб. | D68: =E68 -> 4566.67 | E68: 4566.67
A69: Уборка лестничных клеток
A70: Уборка л/клеток | B70: Еженедельно | C70: м2 | D70: =E70 -> 27942.44 | E70: 27942.44
A71: Уборка придомовой территории
A72: Уборка придомовой территории | B72: Еженедельно | C72: м2 | D72: =E72 -> 77552.82 | E72: 77552.82
A73: Уборка чердаков и подвалов
A74: Очистка чердаков и подвалов | B74: 335.6 | C74: м2 | D74: =E74/B74 -> 7.05 | E74: 2365.98
A75: Услуги по управлению МКД
A76: Услуги по управлению МКД | B76: Ежедневно | C76: руб. | D76: =E76 -> 32199.22 | E76: 32199.22
A77: Итого: | E77: =SUM(E7:E76) -> 317345.98
A79: Всего за период с "01" января 2017 г. по "31"декабря 2017 г. выполнено работ (оказано услуг)
A80: на общую сумму 317 345,98 руб. (Триста семнадцать тысяч триста сорок пять рублей 98 копеек).
A81: Работы (услуги) выполнены (оказаны) полностью, в установленные сроки, с надлежащим качеством.
A82: Претензий по выполнению условий Договора Стороны друг к другу не имеют.
A83: Настоящий Акт составлен в 2-х экземплярах, имеющих одинаковую юридическую силу,
A84: по одному для каждой из Сторон.
A86: Подписи Сторон:
A88: Исполнитель - Директор ООО "ЖЭУ № 6" Плотников А.А. | C88: __________________________
A89: (должность, ФИО) | C89: (подпись)
A91: Заказчик - ____________________________________________________ | C91: __________________________
A92: (ФИО) | C92: (подпись)

Sheet Бюджет
A1: Отчет по бюджету № 75/3-2017
A3: Период: с 01.01.2017 по 31.12.2017 года.
A5: Строение / По типу работ | B5: Расходы | C5: Начисления | D5: Поступления
A6: Резерв на 01.01.2017 г. | D6: 96869.12
A7: Cодержание жилья | C7: 163451.76 | D7: 176433.17
A8: Вывоз и утилизация ТКО | C8: 34629.6 | D8: 38166.86
A9: Обслуживание ВДГО | C9: 2424.12 | D9: 2572.88
A10: Обслуживание ОДПУ | C10: 21643.56 | D10: 16052.68
A11: Техническое обслуживание нежилых помещений | C11: 99843.12 | D11: 50221.8
A12: Аварийное обслуживание | B12: =Акт!E7 -> 3262.74
A13: Благоустройство | B13: =SUM(Акт!E9:E11) -> 9992.74
A14: Вывоз и утилизация ТКО, в т.ч. крупногабаритного мусора | B14: =Акт!E13 -> 50196
A15: Обслуживание и текущий ремонт электрооборудования жилых домов | B15: =Акт!E15 -> 11384.6
A16: Обслуживание инженерного оборудования | B16: =SUM(Акт!E17:E36) -> 38408.83
A17: Обслуживание конструктивных элементов | B17: =SUM(Акт!E38:E41) -> 6555.76
A18: Обслуживание ОДПУ | B18: =Акт!E43 -> 21600
A19: Расходы на истребование задолженности по оплате жилых помещений | B19: =Акт!E45 -> 5982.17
A20: Ремонт конструктивных элементов жилых зданий | B20: =Акт!E47 -> 2867.43
A21: Текущий ремонт инженерного оборудования | B21: =SUM(Акт!E49:E53) -> 6389.58
A22: Текущий ремонт конструктивных элементов жилых зданий | B22: =SUM(Акт!E55:E66) -> 16079
A23: Транспортные расходы | B23: =Акт!E68 -> 4566.67
A24: Уборка лестничных клеток | B24: =Акт!E70 -> 27942.44
A25: Уборка придомовой территории | B25: =Акт!E72 -> 77552.82
A26: Уборка чердаков и подвалов | B26: =Акт!E74 -> 2365.98
A27: Услуги по управлению МКД | B27: =Акт!E76 -> 32199.22
A28: Итого: | B28: =SUM(B7:B27) -> 317345.98 | C28: =SUM(C7:C27) -> 321992.16 | D28: =SUM(D7:D27) -> 283447.39
A29: Резерв (доходы за минусом расходов) на 01.01.2018 г. - 62 970,53 руб. | E29: =D6+D28-B28 -> 62970.53
A30: Задолженность по оплате за содержание и текущий ремонт на 01.01.2018 г. - 190 922,41 руб.
A32: Директор ООО "ЖЭУ №6" Плотников А.А. __________________
A33: Отчет составил: экономист Сундукова Ю.А. _______________
A34: Отчет получил: ________________________________________________________
A35: Дата __________________

Sheet 2018
A1: Отчет по бюджету № 75/3-2018
A3: Период: с 01.01.2018 по 31.12.2018 года.
A5: ОБЩИЕ СВЕДЕНИЯ ОБ ОБЪЕКТЕ
A6: Этажность | B6: 3 | C6: Общая жилая площадь, м2 | D6: 1443 | E6: Площадь кровли, м2 | F6: 1114.1
A7: Количество подъездов | B7: 3 | C7: Площадь нежилых помещений, м2 | D7: 648.5 | E7: Площадь чердаков, м2 | F7: 718.8
A8: Количество квартир | B8: 20 | C8: Площадь л/ клеток, тамбуров, лифтов, м/камер, м2 | D8: 165.8 | E8: Площадь подвалов, м2 | F8: 335.6
A11: Наименование | F11: Значение
A12: Переходящие остатки денежных средств за выполненые работы (на начало периода; + резерв, - долг) | F12: 62970.53
A13: Задолженность по оплате за содержание и текущий ремонт общего имущества МКД (на начало периода) | F13: =62193.19+115091.82 -> 177285.01
A14: Начислено за работы (услуги) по содержанию и текущему ремонту и аренду общего имущества МКД, в том числе: | F14: =SUM(F15:F17) -> 319820.04
A15: - за жилые помещения | F15: =200506.04+21644.28 -> 222150.32
A16: - за нежилые помещения | F16: 97264.72
A17: - за рекламу и аренду общего имущества МКД | F17: 405
A18: Получено денежных средств, в т. ч: | F18: =SUM(F19:F21) -> 452765.28
A19: - за жилые помещения | F19: 252612.61
A20: - за нежилые помещения | F20: 200017.67
A21: - за рекламу и аренду общего имущества МКД | F21: 135
A22: Всего денежных средств с учетом остатков | F22: =F12+F18 -> 515735.81
A23: Выполненные работы (оказанные услуги) по содержанию общего имущества и текущему ремонту в отчетном периоде | F23: ='Акт (2)'!E88 -> 390944.35
A24: Переходящие остатки денежных средств за выполненые работы (на конец периода; + резерв, - долг) | F24: =F22-F23 -> 124791.46
A25: Задолженность по оплате за содержание и текущий ремонт общего имущества МКД (на конец периода) | F25: =F13+F14-F18 -> 44339.77
A27: Директор ООО "ТРЭК" Плотников А.А. __________________
A28: Отчет составил: экономист Осипова М.С. _______________
A29: Отчет получил: ________________________________________________________
A30: Дата __________________

Sheet Акт (2)
A1: АКТ № 75/3-2018
A2: приемки оказанных услуг и (или) выполненных работ по содержанию и текущему ремонту общего имущества в многоквартирном доме № 3 квартала 75.
A3: г. Ангарск | D3: "31" марта 2019 г.
A5: Наименование вида работы (услуги) | B5: Периодичность/ количественный показатель выполненной работы (оказанной услуги) | C5: Единица измерения работы (услуги) | D5: Стоимость /сметная стоимость выполненной работы (оказанной услуги) за единицу | E5: Цена выполненной работы (оказанной услуги), в рублях
A6: Аварийное обслуживание
A7: Аварийное обслуживание | B7: Ежедневно | C7: руб. | D7: =E7 -> 3262.74 | E7: 3262.74
A8: Благоустройство
A9: Завоз песка, ПГС, щебня, земли | B9: По факту | C9: руб. | D9: =E9 -> 375 | E9: 375
A10: Окраска известковыми составами: по кирпичу и бетону (бордюр. столбики, столбы) | B10: 0.313 | C10: 100 м2 | D10: =E10/B10 -> 4714.0256 | E10: 1475.49
A11: Вывоз и утилизация ТКО, в т.ч. крупногабаритного мусора
A12: Вывоз и утилизация ТКО, в т.ч. крупногабаритный мусор | B12: Ежедневно | C12: руб. | D12: =E12 -> 50196 | E12: 50196
A13: Изготовление ключей
A14: Изготовление ключей | B14: По факту | C14: шт | D14: =E14 -> 350 | E14: 350
A15: Обслуживание газового оборудования
A16: Техобслуживание газового оборудования | B16: По договору | C16: 1 стояк | D16: =E16 -> 4797.01 | E16: 4797.01
A17: Обслуживание и текущий ремонт электрооборудования жилых домов
A18: Обслуживание и текущий ремонт электрооборудования жилых домов | B18: По плану | C18: руб. | D18: =E18 -> 5732.42 | E18: =590.66+5141.76 -> 5732.42
A19: Обслуживание инженерного оборудования
A20: Запуск потока воды: отопление, ГВС | B20: 1 | C20: 1 узел | D20: =E20/B20 -> 83.75 | E20: 83.75
A21: Запуск системы отопления. | B21: 1 | C21: 1 здание | D21: =E21/B21 -> 839.52 | E21: 839.52
A22: Ликвидация воздушных пробок в системе отопления, в стояке | B22: 1 | C22: 1 стояк | D22: =E22/B22 -> 468.24 | E22: 468.24
A23: Опрессовка ТУ диаметром: до 50 мм | B23: 0.07 | C23: 100 м | D23: =E23/B23 -> 6095.4286 | E23: 426.68
A24: Осмотр выпусков канализации (засоры, подпоры) прим. | B24: 1 | C24: 1 здание | D24: =E24/B24 -> 254.67 | E24: 254.67
A25: Осмотр подвальных помещений (засоры, подпоры) прим. | B25: 0.54 | C25: 1000 м2 | D25: =E25/B25 -> 1729.3704 | E25: 933.86
A26: Осмотр подвальных помещений и выпуска при подпоре | B26: 1 | C26: 1 осмотр | D26: =E26/B26 -> 535.02 | E26: 535.02
A27: Осмотр подъездов, подвального помещения - по жалобе | B27: 0.1 | C27: 1000 м2 | D27: =E27/B27 -> 3345.1 | E27: 334.51
A28: Осмотр системы центрального отопления, устройств в чердачных и подвальных помещениях. | B28: 0.54 | C28: 1000 м2 | D28: =E28/B28 -> 1726.1296 | E28: 932.11
A29: Осмотр СТО | B29: 0.09 | C29: 100 квартир | D29: =E29/B29 -> 24738.667 | E29: 2226.48
A30: Осмотр СТО в чердачных и подвальных помещениях (весенний и осенний) | B30: 3.383 | C30: 1000 м2 | D30: =E30/B30 -> 1679.7517 | E30: 5682.6
A31: Осмотр, замеры, опломбировка ПУ Т/У с представителем | B31: 0.01 | C31: 100 шт. | D31: =E31/B31 -> 25109 | E31: 251.09
... A45: Устранение течи из гибких подводок присоединения санитарных приборов | B45: 2 | C45: 1 соединение | D45: =E45/B45 -> 123.055 | E45: 246.11
A46: Обслуживание конструктивных элементов
A47: М. Ремонт слухового окна (пристрожка, укрепление) | B47: 2 | C47: 1 створка | D47: =E47/B47 -> 375.88 | E47: 751.76
A48: Осмотр кровли, чердака, люков | B48: 0.34 | C48: 1000 м2 | D48: =E48/B48 -> 1685.3824 | E48: 573.03
A49: Осмотр кровли, чердака, подъездов, подвального помещения -подготовка к зиме | B49: 1.218 | C49: 1000 м2 | D49: =E49/B49 -> 1651.1987 | E49: 2011.16
A50: Открытие подвальных окон | B50: 0.16 | C50: 10 м2 | D50: =E50/B50 -> 623.25 | E50: 99.72
A51: Очистка кровли от снега, сбивание сосулей вышка | B51: 10 | C51: 1 м 1 основания | D51: =E51/B51 -> 84.174 | E51: 841.74
A52: Очистка чердака от снега | B52: 5.5 | C52: 1 м 2 основания | D52: =E52/B52 -> 36.096364 | E52: 198.53
A53: Плановые проверки вентиляционных каналов и оголовков | C53: м2 | D53: =E53 -> 12766.92 | E53: 12766.92
A54: Смена дверных приборов: навесного замка | B54: 0.03 | C54: 100 приборов | D54: =E54/B54 -> 24716.333 | E54: 741.49
A55: Смена дверных приборов: пружин | B55: 0.01 | C55: 100 приборов | D55: =E55/B55 -> 31779 | E55: 317.79
A56: Обслуживание ОДПУ
A57: Техническое обслуживание ОДПУ | B57: По договору | C57: руб. | D57: =E57 -> 21600 | E57: 21600
A58: Расходы на истребование задолженности по оплате жилых помещений
A59: Истребование дебиторской задолженности | B59: По факту | C59: руб. | D59: =E59 -> 5070.98 | E59: 5070.98
A60: Текущий ремонт инженерного оборудования
A61: Замена трубопровода диаметром: 40 мм | B61: 4.2 | C61: м | D61: =E61/B61 -> 830.3381 | E61: 3487.42
A62: Изоляция трубопровода матами с совмещенным покрывным слоем | B62: 0.065 | C62: 1 м3 | D62: =E62/B62 -> 21047.538 | E62: 1368.09
A63: Осмотр замеры рамок холодной воды | B63: 0.01 | C63: чел.-ч | D63: =E63/B63 -> 25297 | E63: 252.97
A64: Регулировка температуры отопления в ИТП вентилями | B64: 2 | C64: шт | D64: =E64/B64 -> 299.55 | E64: 599.1
A65: Ремонт смесителя без душа, без снятия с места, набивка сальников | B65: 1 | C65: 1 смеситель | D65: =E65/B65 -> 135.26 | E65: 135.26
A66: Установка заглушек на трубопроводах д. до 50мм | B66: 0.01 | C66: 100 шт. | D66: =E66/B66 -> 54207 | E66: 542.07
A67: Текущий ремонт конструктивных элементов жилых зданий
A68: Заделка подвальных окон: (изовером, пенопропиленом и тд) | B68: 0.128 | C68: 10 м2 | D68: =E68/B68 -> 3070.0781 | E68: 392.97
A69: Перенавеска дверного полотна с подгонкой | B69: 1 | C69: шт | D69: =E69/B69 -> 929.72 | E69: 929.72
A70: Постановка заклепок в местах соединения труб | B70: 0.2 | C70: 100 шт. | D70: =E70/B70 -> 4119.25 | E70: 823.85
A71: Ремонт цоколя и отмостки | B71: По смете | C71: руб. | D71: =E71 -> 60972.59 | E71: 60972.59
A72: Ручная газовая резка круглой стали диаметром до 24 мм Срезка замка, кронштейна, штырей | B72: 0.1 | C72: 10 шт. | D72: =E72/B72 -> 1257.1 | E72: 125.71
A73: Рыхление шлака на чердаке - обследование перекрытия | B73: 3 | C73: м2 | D73: =E73/B73 -> 429.69667 | E73: 1289.09
A74: Смена частей водосточных труб: отливов (отметов) | B74: 0.02 | C74: 100 шт. | D74: =E74/B74 -> 38691 | E74: 773.82
A75: Смена частей водосточных труб: прямых звеньев с земли, лестниц или подмостей | B75: 0.011 | C75: 100 м | D75: =E75/B75 -> 48830 | E75: 537.13
A76: Смена: колен водосточных труб с вышки | B76: 0.02 | C76: 100 шт. | D76: =E76/B76 -> 134270.5 | E76: 2685.41
A77: Смена: прямых звеньев водосточных труб с автовышек | B77: 0.011 | C77: 100 м | D77: =E77/B77 -> 120393.64 | E77: 1324.33
A78: Транспортные расходы
A79: Услуги а/вышки | B79: По факту | C79: руб. | D79: =E79 -> 814.45 | E79: 814.45
A80: Услуги автотранспорта | B80: По факту | C80: руб. | D80: =E80 -> 5030 | E80: 5030
A81: Уборка лестничных клеток
A82: Уборка л/клеток | B82: По тарифу | C82: м2 | D82: =E82 -> 41913.66 | E82: 41913.66
A83: Уборка придомовой территории
A84: Уборка придомовой территории | B84: По тарифу | C84: м2 | D84: =E84 -> 77552.82 | E84: 77552.82
A85: Услуги по вывозу и утилизации листвы, веток, деревьев, скошенной травы , смета и др. | B85: По факту | C85: руб. | D85: =E85 -> 1230.24 | E85: 1230.24
A86: Услуги по управлению МКД
A87: Услуги по управлению МКД | B87: Ежедневно | C87: руб. | D87: =E87 -> 35540.395 | E87: =SUM(E7:E85)*10% -> 35540.395
A88: Итого: | E88: =SUM(E7:E87) -> 390944.35
A90: Всего за период с "01" января 2018 г. по "31"декабря 2018 г. выполнено работ (оказано услуг) на общую сумму 390 944.35 руб. (Триста девяносто тысяч девятьсот сорок четыре рубля 35 копеек)
A92: Работы (услуги) выполнены (оказаны) полностью, в установленные сроки, с надлежащим качеством.
A93: Претензий по выполнению условий Договора Стороны друг к другу не имеют.
A94: Настоящий Акт составлен в 2-х экземплярах, имеющих одинаковую юридическую силу, по одному для каждой из Сторон.
A98: Подписи Сторон:
A100: Исполнитель - Директор ООО "ТРЭК" Плотников А.А. | C100: __________________________
A101: (должность, ФИО) | C101: (подпись)
A103: Заказчик - ____________________________________________________ | C103: __________________________
A104: (ФИО) | C104: (подпись)

Sheet 2019
A1: Отчет по бюджету № 75/3-2019
A3: Период: с 01.01.2019 по 31.12.2019 года.
A5: ОБЩИЕ СВЕДЕНИЯ ОБ ОБЪЕКТЕ
A6: Этажность | B6: 3 | C6: Общая жилая площадь, м2 | D6: 1443 | E6: Площадь кровли, м2 | F6: 1114.1
A7: Количество подъездов | B7: 3 | C7: Площадь нежилых помещений, м2 | D7: 648.5 | E7: Площадь чердаков, м2 | F7: 718.8
A8: Количество квартир | B8: 20 | C8: Площадь л/ клеток, тамбуров, лифтов, м/камер, м2 | D8: 165.8 | E8: Площадь подвалов, м2 | F8: 335.6
A11: Наименование | F11: Значение
A12: Переходящие остатки денежных средств за выполненые работы (на начало периода; + резерв, - долг) | F12: 124791.46
A13: Задолженность по оплате за содержание и текущий ремонт общего имущества МКД (на начало периода) | F13: =16509.36+44339.77 -> 60849.13
A14: Начислено за работы (услуги) по содержанию и текущему ремонту и аренду общего имущества МКД, в том числе: | F14: =SUM(F15:F17) -> 328446.58
A15: - за жилые помещения | F15: =1300.81+205571.07+16579.08 -> 223450.96
A16: - за нежилые помещения | F16: 99843.12
A17: - за рекламу и аренду общего имущества МКД | F17: 5152.5
A18: Получено денежных средств, в т. ч: | F18: =SUM(F19:F21) -> 339778.3
A19: - за жилые помещения | F19: =1300.81+212594.71 -> 213895.52
A20: - за нежилые помещения | F20: 120986.53
A21: - за рекламу и аренду общего имущества МКД | F21: 4896.25
A22: Всего денежных средств с учетом остатков | F22: =F12+F18 -> 464569.76
A23: Выполненные работы (оказанные услуги) по содержанию общего имущества и текущему ремонту в отчетном периоде | F23: =Лист1!E91 -> 396425.05
A24: Переходящие остатки денежных средств за выполненые работы (на конец периода; + резерв, - долг) | F24: =F22-F23 -> 68144.714
A25: Задолженность по оплате за содержание и текущий ремонт общего имущества МКД (на конец периода) | F25: =F13+F14-F18 -> 49517.41
A27: Директор ООО "ТРЭК" Плотников А.А. __________________
A28: Отчет составил: экономист Осипова М.С. _______________
A29: Отчет получил: ________________________________________________________
A30: Дата __________________

Sheet Лист1
A2: .
A3: АКТ № 75/3
A4: приемки оказанных услуг и (или) выполненных работ по содержанию
A5: и текущему ремонту общего имущества в многоквартирном доме
A6: г. Ангарск | E6: 31 марта 2020 г.
A8: Собственники помещений в многоквартином доме, расположенном по адресу: ________________________ , именуемые в дальнейшем "Заказчик", в лице ___________________________________________________________________________________,
A9: являющегося собственником квартиры № _____, находящейся в данном многоквартирном доме, действующего на основании протокола общего собрания собственников, с одной стороны, и управляющая компания ООО "ТРЭК", именуемая в дальнейшем
A10: "Исполнитель", в лице директора Плотникова А.А., действующего на основании Устава, с другой стороны, совместно именуемые "Стороны", составили настоящий акт о нижеследующем:
A11: 1. Исполнителем предъявлены к приемке следующие оказанные на основании договора управления многоквартирным домом или договора оказания услуг по содержанию и (или) выполнению работ по ремонту общего имущества в многоквартирном
A12: доме, либо договора подряда по выполнению работ по ремонту общего имущества в многоквартирном доме (указать нужное) № _______ от "____" ___________________ ______ г. (далее - "Договор") услуги и (или) выполненные работы по содержанию
A13: и текущему ремонту общего имущества в многоквартирном доме № _____, расположенном по адресу: ______________________:
A15: Наименование вида работы (услуги) | B15: Периодичность / количественный показатель выполненной работы (оказанной услуги) | C15: Единица измерения работы (услуги) | D15: Стоимость / сметная стоимость выполненной работы (оказанной услуги) за единицу | E15: Цена выполненной работы (оказанной услуги), в рублях
A16: Аварийное обслуживание
A17: Аварийное обслуживание | B17: Ежедневно | C17: руб. | D17: 0.13 | E17: 3262.74
A18: Благоустройство и обеспечение санитарного состояния МКД и придомовой територии
A19: Завоз песка, ПГС, щебня, земли | B19: По факту | D19: =E19 -> 750 | E19: 750
A20: Обрезка деревьев высотой: до 5 м | B20: 1 | C20: 1 дерево | D20: =E20 -> 467.35 | E20: 467.35
A21: Устройство скамейки со спинки и с окраской | B21: 1 | C21: шт | D21: =E21 -> 3555.85 | E21: 3555.85
A22: Уборка придомовой территории и лестничных клеток | B22: По тарифу | C22: м2 | D22: =E22 -> 161129.16 | E22: 161129.16
A23: Уборка чердаков и подвалов | B23: По тарифу | C23: м2 | D23: =E23 -> 1882.53 | E23: 1882.53
A24: Услуги спец.техники по благоустройству (очистка наледи, снега) | B24: По факту | C24: руб. | D24: =E24 -> 1151.48 | E24: 1151.48
A25: Изготовление ключей
A26: Изготовление ключей | B26: По факту | C26: шт | D26: =E26 -> 400 | E26: 400
A27: Обслуживание газового оборудования
A28: Диагностирование газового оборудования | B28: По договору | C28: руб. | D28: =E28 -> 9900 | E28: 9900
A29: Техобслуживание газового оборудования | B29: По договору | C29: 16 стояков | D29: =E29 -> 2550 | E29: 2550
A30: Обслуживание и текущий ремонт инженерного оборудования
A31: Регулировка температуры отопления в ИТП вентилями | B31: 2 | C31: шт | D31: =E31/B31 -> 375.715 | E31: 751.43
A32: Смена сгонов у трубопроводов диаметром: 15 мм | B32: 0.01 | C32: 100 шт. | D32: =E32/B32 -> 15489 | E32: 154.89
A33: Запуск потока воды: отопление, ГВС | B33: 1 | C33: 1 узел | D33: =E33/B33 -> 91.38 | E33: 91.38
A34: Запуск системы отопления. | B34: 1 | C34: 1 здание | D34: =E34/B34 -> 907.5 | E34: 907.5
A35: Ликвидация воздушных пробок в системе отопления, в стояке | B35: 1 | C35: 1 стояк | D35: =E35/B35 -> 666.22 | E35: 666.22
A36: Осмотр и устранение мелких неисправностей на РХВ | B36: 1 | C36: шт | D36: =E36/B36 -> 150.94 | E36: 150.94
A37: Осмотр подвальных помещений (засоры, подпоры) прим. | B37: 0.27 | C37: 1000 м2 | D37: =E37/B37 -> 1814.6667 | E37: 489.96
A38: Осмотр подвальных помещений и выпуска при подпоре | B38: 3 | C38: 1 осмотр | D38: =E38/B38 -> 548.78 | E38: 1646.34
A39: Осмотр системы центрального отопления, устройств в чердачных и подвальных помещениях. | B39: 0.1 | C39: 1000 м2 | D39: =E39/B39 -> 1791.3 | E39: 179.13
A40: Осмотр СТО | B40: 0.11 | C40: 100 квартир | D40: =E40/B40 -> 27242 | E40: 2996.62
A41: Осмотр СТО в чердачных и подвальных помещениях (весенний и осенний) | B41: 2.438 | C41: 1000 м2 | D41: =E41/B41 -> 1822.0714 | E41: 4442.21
A42: Отключение системы отопления (консервация) - прим. | B42: 1 | C42: 1 здание | D42: =E42/B42 -> 549.39 | E42: 549.39
... A51: Снятие и запись замера в наряде (ИТП,РХВ) | B51: 32 | C51: 1 ИТП | D51: =E51/B51 -> 271.35219 | E51: 8683.27
A52: Обслуживание и текущий ремонт конструктивных элементов
A53: Изготовление щита из доски б/у | B53: 0.077 | C53: 100 м2 | D53: =E53/B53 -> 20114.805 | E53: 1548.84
A54: Окраска масляными составами по дереву: доски объявления | B54: 0.007 | C54: 100 м2 | D54: =E54/B54 -> 31807.143 | E54: 222.65
A55: Постановка заклепок в местах соединения труб | B55: 0.6 | C55: 100 шт. | D55: =E55/B55 -> 4089.3833 | E55: 2453.63
A56: Ремонт: прямой части поручня | B56: 0.17 | C56: 100 м | D56: =E56/B56 -> 18723.176 | E56: 3182.94
A57: Рыхление шлака на чердаке - обследование перекрытия | B57: 1.5 | C57: м2 | D57: =E57/B57 -> 468.34667 | E57: 702.52
A58: Смена частей водосточных труб: отливов (отметов) | B58: 0.01 | C58: 100 шт. | D58: =E58/B58 -> 56265 | E58: 562.65
A59: Смена частей водосточных труб: прямых звеньев с земли, лестниц или подмостей | B59: 0.066 | C59: 100 м | D59: =E59/B59 -> 50167.273 | E59: 3311.04
A60: Смена: колен водосточных труб | B60: 0.03 | C60: 100 шт. | D60: =E60/B60 -> 58666 | E60: 1759.98
A61: Установка досок объявлений с изготовлением | B61: 0.01 | C61: 100 шт. | D61: =E61/B61 -> 48927 | E61: 489.27
A62: Установка частей водосточных труб (отметов) | B62: 0.05 | C62: 100 шт. | D62: =E62/B62 -> 45955.4 | E62: 2297.77
A63: Устройство и разборка неинвентарных лесов | B63: 0.1 | C63: 100 м2 | D63: =E63/B63 -> 21996.2 | E63: 2199.62
A64: Устройство колпаков над вент. шахтами | B64: 1 | C64: шт | D64: =E64/B64 -> 3045.85 | E64: 3045.85
... A73: Перенавеска водосточных труб. | B73: 0.022 | C73: 100 м | D73: =E73/B73 -> 49927.273 | E73: 1098.4
A74: Плановые проверки вентиляционных каналов и оголовков | B74: По графику | C74: 1000 м2 | D74: =E74 -> 7350.68 | E74: 7350.68
A75: Проверка исправности канализационных вытяжек | B75: 4 | C75: 1 кв | D75: =E75/B75 -> 237.4575 | E75: 949.83
A76: Проверка наличия тяги в ДВ и вент. каналах | B76: 0.06 | C76: 1000 м2 | D76: =E76/B76 -> 1265.5 | E76: 75.93
A77: Прогрев системы вентиляции | B77: 1 | C77: 1 стояк | D77: =E77/B77 -> 252.33 | E77: 252.33
A78: Смена ухватов для водосточных труб: в каменных стенах | B78: 0.01 | C78: 100 шт. | D78: =E78/B78 -> 30539 | E78: 305.39
A79: Укладка (установка) щитов | B79: 0.077 | C79: 100 м2 | D79: =E79/B79 -> 14318.831 | E79: 1102.55
A80: Обслуживание и текущий ремонт электрооборудования жилых домов
A81: Обслуживание и текущий ремонт электрооборудования жилых домов | B81: По договору | C81: руб. | D81: =E81 -> 6468.73 | E81: 6468.73
A82: Обслуживание ОДПУ
A83: Техническое обслуживание ОДПУ | B83: По договору | C83: руб. | D83: =E83 -> 21600 | E83: 21600
A84: Расходы на истребование задолженности по оплате жилых помещений
A85: Истребование дебиторской задолженности | B85: По факту | C85: руб. | D85: =E85 -> 1050.49 | E85: 1050.49
A86: Текущий ремонт
A87: Ремонт подъезда | B87: По плану | C87: шт | D87: =E87 -> 48996.34 | E87: 48996.34
A88: Ремонт тамбура | B88: По плану | C88: шт | D88: =E88 -> 3651.63 | E88: 3651.63
A89: Услуги по управлению МКД
A90: Услуги по управлению МКД | B90: Ежедневно | C90: руб. | D90: =E90 -> 36038.641 | E90: =SUM(E16:E88)*10% -> 36038.641
A91: Итого: | E91: =SUM(E16:E90) -> 396425.05
A94: 2. Всего за период с "01"января 2019 г. по "31"декабря 2019 г. выполнено работ на общую сумму 396425.05 руб. (Триста девяносто шесть тысяч четыреста двадцать пять рублей 5 копеек)
A95: 3. Работы (услуги) выполнены (оказаны) полностью, в установленные сроки, с надлежащим качеством.
A96: 4. Претензий по выполнению условий Договора Стороны друг к другу не имеют.
A97: Настоящий акт составлен в 2-х экземплярах, имеющих одинаковую юридическую силу, по одному для каждой из Сторон.
A100: Исполнитель - Директор ООО "ТРЭК", Плотников А.А.
A101: ________________________________________________________________________________ ____________________________________
D102: (подпись)
A104: Заказчик - ________________________________________ __________________________________
D105: (подпись)

Sheet 2020
A1: Отчет по бюджету № 75/3-2020
A3: Период: с 01.01.2020 по 31.12.2020 года.
A5: ОБЩИЕ СВЕДЕНИЯ ОБ ОБЪЕКТЕ
A6: Этажность | B6: 3 | C6: Общая жилая площадь, м2 | D6: 1443 | E6: Площадь кровли, м2 | F6: 1114.1
A7: Количество подъездов | B7: 3 | C7: Площадь нежилых помещений, м2 | D7: 648.5 | E7: Площадь чердаков, м2 | F7: 718.8
A8: Количество квартир | B8: 20 | C8: Площадь л/ клеток, тамбуров, лифтов, м/камер, м2 | D8: 165.8 | E8: Площадь подвалов, м2 | F8: 335.6
A11: Наименование | F11: Значение
A12: Переходящие остатки денежных средств за выполненые работы (на начало периода; + резерв, - долг) | F12: 68144.714
A13: Задолженность по оплате за содержание и текущий ремонт общего имущества МКД (на начало периода) | F13: 49517.41
A14: Начислено за работы (услуги) по содержанию и текущему ремонту и аренду общего имущества МКД, в том числе: | F14: =SUM(F15:F17) -> 323747.47
A15: - за жилые помещения | F15: =267636.32+383.19-45486.32 -> 222533.19
A16: - за нежилые помещения | F16: 99843.23
A17: - за рекламу и аренду общего имущества МКД | F17: 1371.05
A18: Получено денежных средств, в т. ч: | F18: =SUM(F19:F21) -> 303983.37
A19: - за жилые помещения | F19: =239954.7+383.19-45500 -> 194837.89
A20: - за нежилые помещения | F20: 107561.73
A21: - за рекламу и аренду общего имущества МКД | F21: 1583.75
A22: Всего денежных средств с учетом остатков | F22: =F12+F18 -> 372128.08
A23: Выполненные работы (оказанные услуги) по содержанию общего имущества и текущему ремонту в отчетном периоде | F23: =Лист2!E87 -> 403111.85
A24: Переходящие остатки денежных средств за выполненные работы (на конец периода; + резерв, - долг) | F24: =F22-F23 -> -30983.768
A25: Задолженность по оплате за содержание и текущий ремонт общего имущества МКД (на конец периода) | F25: =F13+F14-F18 -> 69281.51 | H25: =68967.96+299.87+13.68 -> 69281.51
A27: Директор ООО "ТРЭК" Плотников А.А. __________________
A28: Отчет составил: экономист Осипова М.С. _______________
A29: Отчет получил: ________________________________________________________
A30: Дата __________________

Sheet Лист2
A2: .
B3: АКТ № 75/3
A4: приемки оказанных услуг и (или) выполненных работ по содержанию
A5: и текущему ремонту общего имущества в многоквартирном доме
A6: г. Ангарск | E6: 31 марта 2021 г.
A8: Собственники помещений в многоквартином доме, расположенном по адресу: ________________________ , именуемые в дальнейшем "Заказчик", в лице ___________________________________________________________________________________,
A9: являющегося собственником квартиры № _____, находящейся в данном многоквартирном доме, действующего на основании протокола общего собрания собственников, с одной стороны, и управляющая компания ООО "ТРЭК", именуемая в дальнейшем
A10: "Исполнитель", в лице директора Плотникова А.А., действующего на основании Устава, с другой стороны, совместно именуемые "Стороны", составили настоящий акт о нижеследующем:
A11: 1. Исполнителем предъявлены к приемке следующие оказанные на основании договора управления многоквартирным домом или договора оказания услуг по содержанию и (или) выполнению работ по ремонту общего имущества в многоквартирном
A12: доме, либо договора подряда по выполнению работ по ремонту общего имущества в многоквартирном доме (указать нужное) № _______ от "____" ___________________ ______ г. (далее - "Договор") услуги и (или) выполненные работы по содержанию
A13: и текущему ремонту общего имущества в многоквартирном доме № _____, расположенном по адресу: ______________________:
A15: Наименование вида работы (услуги) | B15: Периодичность / количественный показатель выполненной работы (оказанной услуги) | C15: Единица измерения работы (услуги) | D15: Стоимость / сметная стоимость выполненной работы (оказанной услуги) за единицу | E15: Цена выполненной работы (оказанной услуги), в рублях
A16: Аварийное обслуживание
A17: Аварийное обслуживание | B17: Ежедневно | C17: руб. | D17: 0.13 | E17: 3262.74
A18: Благоустройство и обеспечение санитарного состояния МКД и придомовой територии
A19: Вывоз листвы и смета | B19: По факту | C19: м2 | D19: =E19 -> 310.81 | E19: 310.81
A20: Дезинфекция мест общего пользования МКД | B20: По факту | C20: м2 | D20: =E20 -> 6797.8 | E20: 6797.8
A21: Окраска известковыми составами: по кирпичу и бетону (бордюр. столбики, столбы) | B21: По факту | C21: 100 м2 | D21: =E21 -> 1740.57 | E21: 1740.57
A22: Окраска известковыми составами: по кирпичу и бетону (бордюр. столбики, столбы) за 2019 год | B22: По факту | C22: 100 м2 | D22: =E22 -> 1550.74 | E22: 1550.74
A23: Ремонт песочницы | B23: 1 | C23: шт | D23: =E23 -> 944.72 | E23: 944.72
A24: Устройство скамейки со спинкой и с окраской | B24: 1 | C24: шт | D24: =E24 -> 4737.45 | E24: 4737.45
A25: Уборка придомовой территории и лестничных клеток | B25: По тарифу | C25: м2 | D25: =E25 -> 162635.04 | E25: 162635.04
A26: Уборка чердаков и подвалов | B26: По тарифу | C26: м2 | D26: =E26 -> 2635.11 | E26: 2635.11
A27: Обслуживание газового оборудования
A28: Техобслуживание газового оборудования | B28: По договору | C28: 16 стояков | D28: =E28 -> 2760 | E28: 2760
A29: Обслуживание и текущий ремонт инженерного оборудования
A30: Замена сборки Д-20 со спускником | B30: 2 | C30: шт | D30: =E30/B30 -> 2679.47 | E30: 5358.94
A31: Замена сборки Д-25 со спускником | B31: 1 | C31: шт | D31: =E31/B31 -> 2907.21 | E31: 2907.21
A32: Изоляция трубопровода матами с совмещенным покрывным слоем | B32: 0.192 | C32: 1 м3 | D32: =E32/B32 -> 22652.448 | E32: 4349.27
A33: Консервация системы отопления | B33: 1 | C33: 100 м | D33: =E33/B33 -> 724.61 | E33: 724.61
A34: Осмотр кровли,чердака,подъездов,подвала,фасада-после землетр-ия, в т.ч. рем-т выявленных повреждений | B34: По факту | C34: 1000 м2 | D34: =E34 -> 2446.74 | E34: 2446.74
A35: Проверка работ-ти запорной арматуры, устранение мелких неисправностей, проверка работы ПУ РХВ | B35: 0.01 | C35: 100 шт. | D35: =E35/B35 -> 30407 | E35: 304.07
A36: Разборка тепловой изоляции. | B36: 0.003 | C36: 100 м2 | D36: =E36/B36 -> 9743.3333 | E36: 29.23
A37: Регулировка температуры отопления в ИТП вентилями | B37: 3 | C37: шт | D37: =E37/B37 -> 381.16667 | E37: 1143.5
A38: Ручная газовая резка круглой стали диаметром до 24 мм срез урны | B38: 0.1 | C38: 10 шт. | D38: =E38/B38 -> 5608.8 | E38: 560.88
A39: Смена вентилей Д-15 | B39: 1 | C39: шт | D39: =E39/B39 -> 981.29 | E39: 981.29
A40: Установка заглушек на трубопроводах д. до 50мм | B40: 0.02 | C40: 100 шт. | D40: =E40/B40 -> 62865 | E40: 1257.3
A41: Запуск потока воды: отопление, ГВС, ХВС | B41: 4 | C41: 1 узел | D41: =E41/B41 -> 100.8275 | E41: 403.31
A42: Запуск системы отопления. | B42: 1 | C42: 1 здание | D42: =E42/B42 -> 1012.36 | E42: 1012.36
A43: Осмотр подвальных помещений | B43: 0.17 | C43: 1000 м2 | D43: =E43/B43 -> 1813.7059 | E43: 308.33
A44: Осмотр подвальных помещений (засоры, подпоры) прим. | B44: 0.27 | C44: 1000 м2 | D44: =E44/B44 -> 2029.037 | E44: 547.84
A45: Осмотр подвальных помещений и выпуска при подпоре | B45: 2 | C45: 1 осмотр | D45: =E45/B45 -> 1108.58 | E45: 2217.16
A46: Осмотр подъездов, подвального помещения чердачного помещения | B46: 0.1 | C46: 1000 м2 | D46: =E46/B46 -> 4007.2 | E46: 400.72
... A57: Снятие и запись замера в наряде (ИТП,РХВ) | B57: 35 | C57: 1 ИТП | D57: =E57/B57 -> 300.77714 | E57: 10527.2
A58: Обслуживание и текущий ремонт конструктивных элементов
A59: Герметизация вводов в подвальное помещение | B59: 0.01 | C59: 100 шт. | D59: =E59/B59 -> 34295 | E59: 342.95
A60: Демонтаж доски объявления | B60: 0.01 | C60: 100 шт. | D60: =E60/B60 -> 31124 | E60: 311.24
A61: Заделка подвальных окон: (изовером, пенопропиленом и тд) | B61: 0.344 | C61: 10 м2 | D61: =E61/B61 -> 3478.6047 | E61: 1196.64
A62: Окраска масляными составами по дереву: доски объявления | B62: 0.01 | C62: 100 м2 | D62: =E62/B62 -> 33380 | E62: 333.8
A63: Осмотр кровли,чердака,подъездов,подвала,фасада-после землетр-ия, в т.ч. рем-т выявленных повреждений | B63: По факту | C63: 1000 м2 | D63: =E63 -> 2565.09 | E63: 2565.09
A64: Постановка заклепок в местах соединения труб | B64: 0.52 | C64: 100 шт. | D64: =E64/B64 -> 4593.25 | E64: 2388.49
A65: Смена частей водосточных труб: отливов (отметов) | B65: 0.05 | C65: 100 шт. | D65: =E65/B65 -> 58820.2 | E65: 2941.01
A66: Смена: колен водосточных труб | B66: 0.07 | C66: 100 шт. | D66: =E66/B66 -> 62055.571 | E66: 4343.89
A67: Смена: прямых звеньев водосточных труб | B67: 0.055 | C67: 100 м | D67: =E67/B67 -> 52267.636 | E67: 2874.72
A68: Снятие оконных переплетов: неостекленных | B68: 0.014 | C68: 100 м2 | D68: =E68/B68 -> 17380.714 | E68: 243.33
A69: Установка досок объявлений с изготовлением | B69: 0.02 | C69: 100 шт. | D69: =E69/B69 -> 57967.5 | E69: 1159.35
A70: Осмотр кровли, чердака, подъездов, подвального помещения - весенний осмотр | B70: 1.22 | C70: 1000 м2 | D70: =E70/B70 -> 2021.8852 | E70: 2466.7
A71: Осмотр кровли, чердака, подъездов, подвального помещения -подготовка к зиме | B71: 1.22 | C71: 1000 м2 | D71: =E71/B71 -> 2008.0574 | E71: 2449.83
A72: Осмотр подъезда | B72: 0.01 | C72: 100 шт. | D72: =E72/B72 -> 31530 | E72: 315.3
A73: Плановые проверки вентиляционных каналов и оголовков | B73: По плану | C73: 1000 м2 | D73: =E73 -> 11835.58 | E73: 11835.58
A74: Смена стекол в деревянных переплетах при площади стекла до: 0,25 м | B74: 0.005 | C74: 100 м2 | D74: =E74/B74 -> 212908 | E74: 1064.54
A75: Обслуживание и текущий ремонт электрооборудования жилых домов
A76: Обслуживание и текущий ремонт электрооборудования жилых домов | B76: По договору | C76: руб. | D76: =E76 -> 6157.9 | E76: 6157.9
A77: Обслуживание ОДПУ
A78: Техническое обслуживание ОДПУ | B78: По договору | C78: руб. | D78: =E78 -> 21600 | E78: 21600
A79: Расходы на истребование задолженности по оплате жилых помещений. Содержание информационных систем
A80: Содержание информационных систем, обеспечивающих сбор, обработку и хранение данных | B80: По факту | C80: руб. | D80: =E80 -> 501.96 | E80: 501.96
A81: Текущий ремонт
A82: Замена почтовых ящиков | B82: По плану | C82: шт | D82: =E82 -> 2576.03 | E82: 2576.03
A83: Ремонт подъезда | B83: По плану | C83: шт | D83: =E83 -> 41089.76 | E83: 41089.76
A84: Ремонт тамбура | B84: По плану | C84: шт | D84: =E84 -> 3326.02 | E84: 3326.02
A85: Услуги по управлению МКД
A86: Услуги по управлению МКД | B86: Ежедневно | C86: руб. | D86: =E86 -> 36646.532 | E86: =SUM(E16:E84)*10% -> 36646.532
A87: Итого: | E87: =SUM(E17:E86) -> 403111.85
A90: 2. Всего за период с "01"января 2020 г. по "31"декабря 2020 г. выполнено работ на общую сумму 403111.85 руб. (Четыреста три тысячи сто одиннадцать рублей 85 копеек)
A91: 3. Работы (услуги) выполнены (оказаны) полностью, в установленные сроки, с надлежащим качеством.
A92: 4. Претензий по выполнению условий Договора Стороны друг к другу не имеют.
A93: Настоящий акт составлен в 2-х экземплярах, имеющих одинаковую юридическую силу, по одному для каждой из Сторон.
A96: Исполнитель - Директор ООО "ТРЭК", Плотников А.А.
A97: ___________________________________________ ____________________________________
D98: (подпись)
A100: Заказчик - ________________________________________ __________________________________
D101: (подпись)

Sheet 2021
A1: Отчет по бюджету № 75/3-2021
A3: Период: с 01.01.2021 по 31.12.2021 года.
A5: ОБЩИЕ СВЕДЕНИЯ ОБ ОБЪЕКТЕ
A6: Этажность | B6: 3 | C6: Общая жилая площадь, м2 | D6: 1443 | E6: Площадь кровли, м2 | F6: 1114.1
A7: Количество подъездов | B7: 3 | C7: Площадь нежилых помещений, м2 | D7: 648.5 | E7: Площадь чердаков, м2 | F7: 718.8
A8: Количество квартир | B8: 20 | C8: Площадь л/ клеток, тамбуров, лифтов, м/камер, м2 | D8: 165.8 | E8: Площадь подвалов, м2 | F8: 335.6
A11: Наименование | F11: Значение
A12: Переходящие остатки денежных средств за выполненые работы (на начало периода; + резерв, - долг) | F12: -30983.768
A13: Задолженность по оплате за содержание и текущий ремонт общего имущества МКД (на начало периода) | F13: 69281.51
A14: Начислено за работы (услуги) по содержанию и текущему ремонту и аренду общего имущества МКД, в том числе: | F14: =SUM(F15:F17) -> 340009.03
A15: - за жилые помещения | F15: 231412.55
A16: - за нежилые помещения | F16: 104006.48
A17: - за рекламу и аренду общего имущества МКД | F17: 4590
A18: Получено денежных средств, в т. ч: | F18: =SUM(F19:F21) -> 332556.62
A19: - за жилые помещения | F19: 223003.5
A20: - за нежилые помещения | F20: 104615.99
A21: - за рекламу и аренду общего имущества МКД | F21: 4937.13
A22: Всего денежных средств с учетом остатков | F22: =F12+F18 -> 301572.85
A23: Выполненные работы (оказанные услуги) по содержанию общего имущества и текущему ремонту в отчетном периоде | F23: =акт21!E98 -> 334987.32
A24: Переходящие остатки денежных средств за выполненные работы (на конец периода; + резерв, - долг) | F24: =F22-F23 -> -33414.47
A25: Задолженность по оплате за содержание и текущий ремонт общего имущества МКД (на конец периода) | F25: =F13+F14-F18 -> 76733.92
A27: Директор ООО "ТРЭК" Плотников А.А. __________________
A28: Отчет составил: экономист _______________
A29: Отчет получил: ________________________________________________________
A30: Дата __________________

Sheet акт21
A2: .
A3: АКТ № 75/3
A4: приемки оказанных услуг и (или) выполненных работ по содержанию
A5: и текущему ремонту общего имущества в многоквартирном доме
A6: г. Ангарск | E6: 31 марта 2022 г.
A8: Собственники помещений в многоквартином доме, расположенном по адресу: ________________________ , именуемые в дальнейшем "Заказчик", в лице ___________________________________________________________________________________,
A9: являющегося собственником квартиры № _____, находящейся в данном многоквартирном доме, действующего на основании протокола общего собрания собственников, с одной стороны, и управляющая компания ООО "ТРЭК", именуемая в дальнейшем
A10: "Исполнитель", в лице директора Плотникова А.А., действующего на основании Устава, с другой стороны, совместно именуемые "Стороны", составили настоящий акт о нижеследующем:
A11: 1. Исполнителем предъявлены к приемке следующие оказанные на основании договора управления многоквартирным домом или договора оказания услуг по содержанию и (или) выполнению работ по ремонту общего имущества в многоквартирном
A12: доме, либо договора подряда по выполнению работ по ремонту общего имущества в многоквартирном доме (указать нужное) № _______ от "____" ___________________ ______ г. (далее - "Договор") услуги и (или) выполненные работы по содержанию
A13: и текущему ремонту общего имущества в многоквартирном доме № _____, расположенном по адресу: ______________________:
A15: Наименование вида работы (услуги) | B15: Периодичность / количественный показатель выполненной работы (оказанной услуги) | C15: Единица измерения работы (услуги) | D15: Стоимость / сметная стоимость выполненной работы (оказанной услуги) за единицу | E15: Цена выполненной работы (оказанной услуги), в рублях
A16: Аварийное обслуживание
A17: Аварийное обслуживание | B17: Ежедневно | C17: руб. | D17: =E17 -> 2424.24 | E17: 2424.24
A18: Благоустройство и обеспечение санитарного состояния МКД и придомовой територии
A19: Обрезкка поросли кустарников | B19: 0.1 | C19: шт | E19: 287.85
A20: Услуги по вывозу и утилизации листвы, веток, деревьев, скошенной травы , смета и др. | B20: По факту | C20: руб. | D20: =E20 -> 561.75 | E20: 561.75
A21: Очистка вручную поверхности фасадов от перхлорвиниловых и масляных красок: с люлей | B21: 0.038 | C21: 100 м2 | D21: =E21/B21 -> 43356.579 | E21: 1647.55
A22: Ремонт песочницы | B22: 1 | C22: шт | D22: =E22/B22 -> 779.04 | E22: 779.04
A23: Ремонт скамейки без спинки | B23: 1 | C23: шт | D23: =E23/B23 -> 890.69 | E23: 890.69
A24: Ручная односторонняя сварка деталей контейнера из листовой стали | B24: По факту | C24: 10 м | D24: =E24 -> 255.54 | E24: 255.54
A25: Уборка придомовой территории и лестничных клеток | B25: По тарифу | C25: м2 | D25: =E25 -> 154792.02 | E25: 154792.02
A26: Услуги спец.техники по благоустройству (очистка наледи, снега) | B26: По факту | C26: руб. | D26: =E26 -> 2250 | E26: =2250 -> 2250
A27: Изготовление ключей
A28: Изготовление ключей | B28: По факту | C28: шт | D28: =E28 -> 100 | E28: 100
A29: Обслуживание и текущий ремонт инженерного оборудования
A30: Демонтаж регулятора температуры воды | B30: 1 | C30: шт | D30: =E30/B30 -> 298.67 | E30: 298.67
A31: Замена сборки Д-32 со спускником | B31: 1 | C31: шт | D31: =E31/B31 -> 2936.34 | E31: 2936.34
A32: Регулировка РТВЖ | B32: 1 | C32: шт | D32: =E32/B32 -> 502.81 | E32: 502.81
A33: Регулировка температуры отопления в ИТП вентилями | B33: 2 | C33: шт | D33: =E33/B33 -> 381.435 | E33: 762.87
A34: Установка манометров | B34: 2 | C34: шт | D34: =E34/B34 -> 750.135 | E34: 1500.27
A35: Установка регулятора температуры "КОРАЛЛ" | B35: 1 | C35: шт | D35: =E35/B35 -> 980.34 | E35: 980.34
A36: Установка термометра | B36: 2 | C36: комплект | D36: =E36/B36 -> 301.125 | E36: 602.25
A37: Установка фланцевых соединений на стальных трубопроводах д.50 мм | B37: 2 | C37: 1 соединение | D37: =E37/B37 -> 1087.82 | E37: 2175.64
A38: Устройство катушки с изготовлением | B38: 1 | C38: шт | D38: =E38/B38 -> 1774.32 | E38: 1774.32
A39: Вскрытие элеваторов со снятием с места и замером сопла (прим) | B39: 0.01 | C39: 100 шт. | D39: =E39/B39 -> 77585 | E39: 775.85
A40: Запуск потока воды: отопление, ГВС, ХВС | B40: 3 | C40: 1 узел | D40: =E40/B40 -> 96.963333 | E40: 290.89
A41: Запуск системы отопления. | B41: 1 | C41: 1 здание | D41: =E41/B41 -> 1005.22 | E41: 1005.22
... A57: Снятие и запись замера в наряде (ИТП,РХВ) | B57: 41 | C57: 1 ИТП | D57: =E57/B57 -> 301.79927 | E57: 12373.77
A58: Обслуживание и текущий ремонт конструктивных элементов
A59: Демонтаж МАФ (деревянные) | B59: 1 | C59: 1 малая форма | D59: =E59/B59 -> 970.9 | E59: 970.9
A60: Огрунтовка ранее окрашенных фасадов бетонконтактом | B60: 0.038 | C60: 100 м2 | D60: =E60/B60 -> 26044.737 | E60: 989.7
A61: Окраска контейнера | B61: По факту | C61: 100 м2 | D61: =E61 -> 367.99 | E61: 367.99
A62: Окраска масляными составами по дереву: доски объявления | B62: 0.01 | C62: 100 м2 | D62: =E62/B62 -> 34226 | E62: 342.26
A63: Перенавеска в/сточ. отметов | B63: 0.01 | C63: 100 шт. | D63: =E63/B63 -> 57983 | E63: 579.83
A64: Переустановка скамейки | B64: 1 | C64: 1 малая форма | D64: =E64/B64 -> 708.9 | E64: 708.9
A65: Покраска ограждений | B65: 5.4 | C65: 1 м изделий | D65: =E65/B65 -> 129.13889 | E65: 697.35
A66: Постановка заклепок в местах соединения труб | B66: 0.12 | C66: 100 шт. | D66: =E66/B66 -> 4313.75 | E66: 517.65
A67: Простая масляная окраска ранее окрашенных стен: с подготовкой и с расчисткой старой краски до 35% | B67: 0.126 | C67: 100 м2 | D67: =E67/B67 -> 21288.175 | E67: 2682.31
A68: Ремонт слуховых окон пристрожка, укрепление | B68: 3 | C68: шт | D68: =E68/B68 -> 422.08333 | E68: 1266.25
A69: Смена: прямых звеньев водосточных труб | B69: 0.022 | C69: 100 м | D69: =E69/B69 -> 51469.091 | E69: 1132.32
A70: Установка досок объявлений с изготовлением | B70: 0.02 | C70: 100 шт. | D70: =E70/B70 -> 53516.5 | E70: 1070.33
A71: Устройство урны | B71: 1 | C71: шт | D71: =E71/B71 -> 3351.03 | E71: 3351.03
A72: Закрытие подъездного окна с лестницы | B72: 0.2 | C72: 10 шт. | D72: =E72/B72 -> 3663.15 | E72: 732.63
A73: Закрытие слуховых окон и люков выхода на кровлю | B73: 0.1 | C73: 10 шт. | D73: =E73/B73 -> 2287.3 | E73: 228.73
... A75: Осмотр кровли, чердака, подъездов, подвального помещения - осенний осмотр | B75: 1.22 | C75: 1000 м2 | D75: =E75/B75 -> 2022.1148 | E75: 2466.98
A76: Осмотр оголовков вент. каналов с целью предотвращения закупорки в зимнее время с записью в спец. жур | B76: =2*2.228 -> 4.456 | C76: 1000 м2 | D76: =E76/B76 -> 1831.0682 | E76: =2*4079.62 -> 8159.24
A77: Осмотр СТО в чердачных и подвальных помещениях (весенний и осенний) | B77: 1.22 | C77: 1000 м2 | D77: =E77/B77 -> 2005.5492 | E77: 2446.77
A78: Очистка кровли от снега толщ. 10см, сбивание сосулей | B78: 60 | C78: 1 м 1 основания | D78: =E78/B78 -> 81.4205 | E78: 4885.23
A79: Проверка исправности вент. каналов, правильного расположения оголовков относ. крыши и наличия тяги | B79: =1.832 -> 1.832 | C79: 1000 м2 | D79: =E79/B79 -> 1947.2325 | E79: 3567.33
A80: Смена дверных приборов: накладка дверная | B80: 0.02 | C80: 100 приборов | D80: =E80/B80 -> 36417.5 | E80: 728.35
A81: Смена оконных приборов: петли | B81: 0.02 | C81: 100 шт. | D81: =E81/B81 -> 54963.5 | E81: 1099.27
A82: Смена стекол в деревянных переплетах при площади стекла до: 0,25 м | B82: 0.01 | C82: 100 м2 | D82: =E82/B82 -> 217524 | E82: 2175.24
A83: Установка дверных приборов: навесного замка | B83: 0.01 | C83: 100 приборов | D83: =E83/B83 -> 37598 | E83: 375.98
A84: Обслуживание и текущий ремонт электрооборудования жилых домов
A85: Обслуживание и текущий ремонт электрооборудования жилых домов | B85: По договору | C85: руб. | D85: =E85 -> 5969.41 | E85: 5969.41
A86: Обслуживание газового оборудования
A87: Техобслуживание газового оборудования | B87: По договору | C87: 16 стояков | D87: =E87 -> 2760 | E87: 2760
A88: Обслуживание ОДПУ
A89: Техническое обслуживание ОДПУ | B89: По договору | C89: руб. | D89: =E89 -> 21600 | E89: 21600
A90: Расходы на истребование задолженности по оплате жилых помещений. Содержание информационных систем
A91: Истребование дебиторской задолженности | B91: По факту | C91: руб. | D91: =E91 -> 319.99 | E91: 319.99
A92: Содержание информационных систем, обеспечивающих сбор, обработку и хранение данных | B92: По факту | C92: руб. | D92: =E92 -> 489.41 | E92: 489.41 | F92: =SUM(E17:E92) -> 301112.2 | G92: 294782.60
A93: Услуги по управлению МКД
A94: Услуги по управлению МКД | B94: Ежедневно | C94: руб. | D94: =E94 -> 33875.122 | E94: =SUM(E17:E92)*11.25% -> 33875.122
A95: Итого: | E95: =F92+E94 -> 334987.32
A98: 2. Всего за период с "01"января 2021 г. по "31"декабря 2021 г. выполнено работ на общую сумму | E98: =E95 -> 334987.32
A99: Триста двадцать семь тысяч девятьсот сорок пять рублей 62 копейки.
A100: 3. Работы (услуги) выполнены (оказаны) полностью, в установленные сроки, с надлежащим качеством.
A101: 4. Претензий по выполнению условий Договора Стороны друг к другу не имеют.
A102: Настоящий акт составлен в 2-х экземплярах, имеющих одинаковую юридическую силу, по одному для каждой из Сторон.
A104: Подписи Сторон:
A105: Исполнитель - Директор ООО "ТРЭК", Плотников А.А.
A106: ____________________________________________________ ____________________________________
D107: (подпись)
A108: Заказчик - ________________________________________ __________________________________
D109: (подпись)
